 Dungeon Crawl Stone Soup version 0.29-a0-275-g389c0b56f3 (webtiles) character file.

Game seed: 3299684964315006689

67963 Dabor the Severer (level 15, -12/99 HPs)
             Began as a Tengu Berserker on Mar 12, 2022.
             Was a High Priest of Trog.
             Killed from afar by a fire dragon (55 damage)
             ... with a blast of flame
             ... on level 6 of the Lair of Beasts.
             The game lasted 00:57:15 (20391 turns).

Dabor the Severer (Tengu Berserker)                Turns: 20391, Time: 00:57:15

Health: -12/99     AC: 23    Str: 24    XL:     15   Next: 24%
Magic:  16/16      EV: 25    Int:  8    God:    Trog [*****.]
Gold:   1123       SH:  5    Dex: 16    Spells: 14/14 levels left

rFire   x . .      SeeInvis +   N - +9 battleaxe "Liwocofa" {vorpal, rPois Str+3}
rCold   + . .      Faith    .   (shield currently unavailable)
rNeg    + + +      Spirit   .   O - +1 scale mail of Yesterday {Drain rElec rC+ Will++}
rPois   +          Reflect  +   R - +3 crown of Dyrovepreva {rElec Int+2 SInv}
rElec   +          Harm     .   w - +2 cloak {Will+}
rCorr   .          Rampage  .   f - +0 pair of gloves
Will    +++++                   (boots unavailable)
Stlth   ..........              J - amulet of reflection
HPRegen 1.26/turn               E - +4 ring of protection
MPRegen 0.15/turn               P - ring "Anooqoda" {rPois rF- rN+++ EV+4 Int-3 SInv}

@: strong-willed, flying quickly and evasively, regenerating, quick
A: beak, talons 3, nimble flight
a: Renounce Religion, Berserk, Trog's Hand, Brothers in Arms


You were on level 6 of the Lair of Beasts.
You worshipped Trog.
Trog was extremely pleased with you.
You visited 4 branches of the dungeon, and saw 18 of its levels.
You also visited: Sewer.

You collected 1838 gold pieces.
You spent 715 gold pieces at shops.

Inventory:

Hand Weapons
 p - a +1 vorpal executioner's axe
 y - a +3 vorpal spear
 N - the +9 battleaxe "Liwocofa" (weapon) {vorpal, rPois Str+3}
   (Trog gifted it to you on level 4 of the Lair of Beasts)

   It inflicts extra damage upon your enemies.
   Str:       It affects your strength (+3).
   rPois:     It protects you from poison.
Missiles
 d - 16 poisoned darts (quivered)
 j - a silver boomerang
 C - a throwing net
 D - 7 javelins
 F - 2 atropa-tipped darts
 H - 5 curare-tipped darts
 K - 4 boomerangs
Armour
 a - a +2 scale mail of willpower
 f - a +0 pair of gloves (worn)
 n - a +0 hat
 s - a +4 ring mail
 w - a +2 cloak of willpower (worn)
 O - the +1 scale mail of Yesterday (worn) {Drain rElec rC+ Will++}
   (You found it on level 4 of the Lair of Beasts)

   rC:        It protects you from cold.
   rElec:     It insulates you from electricity.
   Drain:     It drains your maximum health when unequipped.
   Will:      It greatly increases your willpower.
 R - the +3 crown of Dyrovepreva (worn) {rElec Int+2 SInv}
   (You found it on level 5 of the Lair of Beasts)

   Int:       It affects your intelligence (+2).
   rElec:     It insulates you from electricity.
   SInv:      It lets you see invisible.
Jewellery
 c - a ring of see invisible
 x - a ring of ice
 z - a ring of poison resistance
 E - a +4 ring of protection (left hand)
 J - an amulet of reflection (around neck)
 P - the ring "Anooqoda" (right hand) {rPois rF- rN+++ EV+4 Int-3 SInv}
   (You acquired it on level 5 of the Lair of Beasts)

   [ring of evasion]

   EV:        It affects your evasion (+4).
   Int:       It affects your intelligence (-3).
   rF:        It makes you vulnerable to fire.
   rPois:     It protects you from poison.
   rN:        It renders you almost immune to negative energy.
   SInv:      It lets you see invisible.
Wands
 q - a wand of acid (6)
 u - a wand of iceblast (4)
 I - a wand of flame (2)
 M - a wand of paralysis (5)
Scrolls
 b - 3 scrolls of enchant armour
 m - 2 scrolls of blinking
 v - a scroll of teleportation
 G - a scroll of fear
 L - 5 scrolls of amnesia {unknown}
 Q - a scroll of brand weapon {unknown}
 S - 2 scrolls of identify
Potions
 e - a potion of lignification
 g - 4 potions of attraction
 h - 4 potions of heal wounds {unknown}
 i - 4 potions of cancellation {unknown}
 k - 7 potions of curing {unknown}
 l - a potion of resistance {unknown}
 o - 4 potions of berserk rage {unknown}
 r - 2 potions of might {unknown}
 t - 3 potions of flight {unknown}
 A - a potion of brilliance {unknown}
 B - a potion of haste {unknown}


   Skills:
 * Level 13.4 Fighting
 * Level 17.1 Axes
 - Level 4.7 Throwing
 * Level 14.5 Armour
 * Level 14.5 Dodging
 - Level 5.0 Evocations


You had 14 spell levels left.
You didn't know any spells.
Your spell library was empty.

Dungeon Overview and Level Annotations

Branches:
Dungeon (9/15)             Temple (0/1) D:5            Lair (6/6) D:8
  Swamp (0/4) Lair:2       Spider (0/4) Lair:3        Slime (0/5) Lair:5
    Orc (2/2) D:9             Elf (1/3) Orc:2         Sewer (visited)

Altars:
Dithmenos
Gozag
Hepliaklqana
Qazlal
Uskayaw
Wu Jian
Xom
The Shining One
Jiyva

Shops:
D:1 *[*   Orc:1 [*=:   Orc:2 =*[(


Innate Abilities, Weirdness & Mutations

You have a beak for a mouth.
You have claws for feet.
Your magical nature lets you fly swiftly and evasively.


Message History

You slash the plant!
The plant begins to die.
You slash the fire dragon! Your kick misses the fire dragon.
Your peck misses the fire dragon.
The fire dragon is almost dead.
You slash the plant! The fire dragon misses you. x2
The fire dragon closely misses you.
You hit the fire dragon but do no damage.
The fire dragon is almost dead.
You hit the swamp dragon but do no damage.
You slash the plant! You block the swamp dragon's attack. x2
The swamp dragon closely misses you. The fire dragon completely misses you.
The fire dragon claws you but does no damage.
The fire dragon tramples you but does no damage.
You barely miss the fire dragon.
You claw the fire dragon, but do no damage.
The fire dragon is almost dead.
You slice the swamp dragon!! You slash the plant!
The swamp dragon bites you but does no damage.
The swamp dragon misses you. x2
The fire dragon breathes flames at you. The blast of flame hits you!!!
The fire burns you terribly!
Ouch! That really hurt!
The blast of flame hits the plant!!!
The plant begins to die.
You closely miss the fire dragon. You peck the fire dragon.
The fire dragon is almost dead.
You slash the swamp dragon!
You kill the swamp dragon!
Trog accepts your kill.
You hear a splash.
The swamp dragon scales are intact enough to wear.
You slice the plant!!
A nearby plant withers and dies.
You block the fire dragon's attack. The fire dragon misses you.
The fire dragon barely misses you.
You hit the fire dragon.
You peck the fire dragon, but do no damage.
The fire dragon is almost dead.
The fire dragon breathes flames at you. The blast of flame hits you!!!
The fire burns you terribly!
Ouch! That really hurt!
You die...

...#............##.....#
...#...........####.####
..#..#..........##..#
.......##############
≈≈.P.### ♣♣♣♣♣♣♣♣
♣.≈≈♣♣♣ ♣P.≈...♣♣
♣♣≈.♣♣.♣ ♣♣♣.≈≈.P..♣
♣♣≈≈♣♣.. ♣...≈≈≈§..♣♣
♣.≈♣♣♣..♣♣.≈≈♣♣†@≈..♣
♣.≈.♣ ♣..†♣♣♣♣[D.≈.♣
♣♣≈≈♣♣ ♣.†≈..♣♣[≈≈≈.♣
♣..†≈♣♣♣..≈≈♣♣.≈≈≈≈≈♣
♣♣≈♣≈♣♣..≈≈♣♣♣≈≈≈≈≈≈♣
♣P.♣≈≈♣♣≈≈P♣ .≈≈.≈≈≈♣
♣♣.♣♣≈≈≈..♣♣♣♣.≈≈≈≈≈♣
♣....≈..♣♣ $.≈≈≈≈.♣
♣....†≈♣♣ $.≈≈≈..♣♣


You could see a fire dragon (catching breath).

Vanquished Creatures
  Rupert (Lair:3)
  A stone giant (Orc:2)
  3 ettins (Orc:2)
  Snorg (Lair:3)
  A boulder beetle (D:8)
  An ogre mage (Orc:1)
  4 hydras
  3 two-headed ogres (Orc:2)
  A dancing weapon (Lair:1)
  8 death yaks (Lair:5)
  2 orc high priests
  The ghost of anet the Skirmisher, a novice MiBe of Trog (Lair:1)
  Amaemon (Lair:3)
  A swamp dragon (Lair:6)
  An orb spider (Lair:3)
  A deep elf pyromancer (Elf:1)
  An orc knight (Orc:2)
  2 oklob plants
  8 cyclopes (Orc:2)
  2 orc sorcerers (Orc:2)
  A slime creature (Lair:5)
  6 black mambas
  A molten gargoyle (Lair:2)
  An orange demon (Lair:3)
  3 torpor snails
  20 cane toads
  15 komodo dragons
  2 rime drakes
  4 polar bears
  3 hornets
  Prince Ribbit (D:6)
  The ghost of hemabe71 the Charlatan, an amateur HuAr (D:3)
  26 blink frogs
  15 dream sheep
  Sigmund (D:3)
  11 wyverns
  5 basilisks
  A wraith (D:9)
  32 yaks
  2 redbacks (Lair:6)
  2 steam dragons
  Menkaure (D:4)
  2 wargs
  4 acid dragons (Lair:6)
  28 water moccasins
  Duvessa (D:4)
  12 orc warriors
  2 sky beasts
  An ice beast (D:8)
  2 swamp drakes (Lair:6)
  5 black bears
  10 wolves
  4 ogres
  4 centaurs
  3 kobold brigands
  20 bullfrogs
  4 scorpions
  2 gnoll sergeants
  9 wights
  3 necrophages
  6 killer bees
  Dowan (D:4)
  2 howler monkeys (D:7)
  2 electric eels (Lair:1)
  A lava snake (Lair:2)
  6 orc priests
  2 hounds
  A jelly (D:6)
  A gnoll shaman (Lair:3)
  Crazy Yiuf (D:5)
  9 iguanas
  16 orc wizards
  Robin (D:3)
  14 gnolls
  8 adders
  An ufetubus (D:6)
  2 worms
  3 dart slugs
  40 orcs
  7 endoplasms
  13 giant cockroaches
  19 goblins
  4 hobgoblins
  3 jackals (D:3)
  9 quokkas
  5 ball pythons
  9 bats
  8 frilled lizards
  23 kobolds
  8 rats
  A spectral kobold (D:7)
540 creatures vanquished.

Vanquished Creatures (collateral kills)
  Gastronok (D:8)
  4 yaks (D:7)
  A wyvern (D:7)
  An orc warrior (D:7)
  An orc priest (D:7)
  An iguana (D:8)
9 creatures vanquished.

Vanquished Creatures (others)
  3 bushes (D:7)
  39 fungi
  65 plants
107 creatures vanquished.

Grand Total: 656 creatures vanquished

Notes
Turn   | Place    | Note
-------+----------+-------------------------------------------
     0 | D:1      | Dabor the Tengu Berserker began the quest for the Orb.
     0 | D:1      | Reached XP level 1. HP: 14/14 MP: 2/2
    96 | D:1      | Found Kanogyuwk's General Store.
   134 | D:1      | Reached XP level 2. HP: 18/19 MP: 3/3
   147 | D:1      | Found Ceqeggog's Armour Boutique.
   185 | D:1      | Bought a +0 pair of gloves for 45 gold pieces
   824 | D:1      | Found Wucwijy's Assorted Antiques.
   933 | D:1      | Reached XP level 3. HP: 16/23 MP: 4/4
  1123 | D:1      | Bought a potion of attraction for 30 gold pieces
  1123 | D:1      | Bought a scroll of immolation for 35 gold pieces
  1618 | D:2      | Reached ** piety under Trog
  1983 | D:2      | Reached XP level 4. HP: 28/28 MP: 5/5
  2171 | D:3      | Noticed Sigmund
  2175 | D:3      | Killed Sigmund
  2176 | D:3      | Reached skill level 5 in Axes
  2176 | D:3      | Gained mutation: Your magical nature lets you fly swiftly
                  | and evasively. [Tengu growth]
  2176 | D:3      | Reached XP level 5. HP: 33/33 MP: 6/6
  2176 | D:3      | Reached XP level 6. HP: 38/38 MP: 7/7
  2564 | D:3      | Noticed Robin
  2579 | D:3      | Killed Robin
  2821 | D:3      | Found a faded altar of an unknown god.
  2845 | D:3      | Found an opulent altar of Gozag.
  2855 | D:3      | Found a shadowy altar of Dithmenos.
  2989 | D:3      | Found a runed translucent gate.
  2989 | D:3      | Found a runed translucent gate.
  2989 | D:3      | Found a runed translucent gate.
  2992 | D:3      | Noticed hemabe71's ghost (amateur HuAr)
  3015 | D:3      | Killed hemabe71's ghost
  3016 | D:3      | Reached skill level 6 in Axes
  3016 | D:3      | Reached XP level 7. HP: 44/44 MP: 8/8
  3164 | D:4      | Noticed Dowan
  3166 | D:4      | Noticed Duvessa
  3171 | D:4      | Killed Dowan
  3179 | D:4      | Killed Duvessa
  3180 | D:4      | Reached skill level 5 in Fighting
  3180 | D:4      | Reached skill level 7 in Axes
  3180 | D:4      | Reached skill level 5 in Armour
  3180 | D:4      | Reached skill level 5 in Dodging
  3669 | D:4      | Reached XP level 8. HP: 49/49 MP: 9/9
  3762 | D:4      | Reached *** piety under Trog
  3787 | D:4      | Noticed Menkaure
  3794 | D:4      | Found a glowing golden altar of the Shining One.
  3795 | D:4      | Found a stormy altar of Qazlal.
  3802 | D:4      | Killed Menkaure
  4184 | D:5      | Entered Level 5 of the Dungeon
  4184 | D:5      | Found a staircase to the Ecumenical Temple.
  4397 | D:5      | Reached skill level 1 in Throwing
  4708 | D:5      | Reached skill level 8 in Axes
  4744 | D:5      | Found an ornate altar of the Wu Jian Council.
  5179 | D:5      | Found a runed translucent door.
  5180 | D:5      | Noticed Crazy Yiuf
  5186 | D:5      | Killed Crazy Yiuf
  5399 | D:6      | Reached XP level 9. HP: 43/55 MP: 10/10
  5412 | D:6      | Reached skill level 9 in Axes
  5722 | D:6      | Found a glowing drain.
  5726 | Sewer    | Entered a sewer
  5790 | Sewer    | Reached **** piety under Trog
  6257 | D:6      | Noticed a hornet
  6265 | D:6      | Killed a hornet
  6566 | D:6      | Noticed Prince Ribbit
  6577 | D:6      | Killed Prince Ribbit
  6578 | D:6      | Reached skill level 10 in Axes
  6720 | D:7      | Reached XP level 10. HP: 63/63 MP: 11/11
  7557 | D:7      | Reached skill level 11 in Axes
  7790 | D:7      | Found a hazy altar of Hepliaklqana.
  7884 | D:7      | Identified a scroll of acquirement
  7885 | D:7      | Acquired a +0 vorpal executioner's axe
  8390 | D:8      | Reached XP level 11. HP: 69/69 MP: 12/12
  8453 | D:8      | Noticed a +0 hand axe
  8453 | D:8      | Noticed a +0 dagger
  8456 | D:8      | Found a hide-covered altar of Uskayaw.
  8466 | D:8      | Noticed a boulder beetle
  8477 | D:8      | Killed a boulder beetle
  8585 | D:8      | Noticed Gastronok
  8593 | D:8      | Killed Gastronok
  8605 | D:8      | Found a staircase to the Lair.
  8683 | D:8      | Reached skill level 12 in Axes
  9056 | D:9      | Found a staircase to the Orcish Mines.
  9081 | Orc:1    | Entered Level 1 of the Orcish Mines
  9085 | Orc:1    | Found Higanil's Book Shoppe.
  9118 | Orc:1    | Noticed an orc high priest
  9131 | Orc:1    | Reached skill level 10 in Armour
  9160 | Orc:1    | Killed an orc high priest
  9161 | Orc:1    | Reached skill level 10 in Dodging
  9254 | Orc:1    | Found Hotuufi's Mass Market.
  9398 | Orc:1    | Found Fomn's Jewellery Shoppe.
  9403 | Orc:1    | Bought an amulet of reflection for 360 gold pieces
  9513 | Orc:1    | Found Paturriv's Antique Armour Emporium.
  9516 | Orc:1    | Bought a runed scale mail for 245 gold pieces
  9585 | Orc:2    | Entered Level 2 of the Orcish Mines
  9585 | Orc:2    | Noticed a two-headed ogre
  9587 | Orc:2    | Noticed a two-headed ogre
  9589 | Orc:2    | Noticed an ogre mage
  9594 | Orc:2    | Noticed a two-headed ogre
  9595 | Orc:2    | Killed a two-headed ogre
  9597 | Orc:2    | Killed a two-headed ogre
  9598 | Orc:2    | Reached skill level 13 in Axes
  9601 | Orc:2    | Killed a two-headed ogre
  9617 | Orc:1    | Killed an ogre mage
  9618 | Orc:1    | Reached skill level 10 in Fighting
  9618 | Orc:1    | Reached XP level 12. HP: 20/77 MP: 13/13
  9852 | Orc:2    | Noticed an ettin
  9864 | Orc:2    | Killed an ettin
  9867 | Orc:2    | Found Faptyj's Jewellery Emporium.
  9871 | Orc:2    | Noticed a stone giant
 10003 | Orc:2    | Killed a stone giant
 10334 | Orc:2    | Reached skill level 14 in Axes
 10334 | Orc:2    | Noticed an ettin
 10395 | Orc:2    | Found a staircase to the Elven Halls.
 10406 | Orc:2    | Killed an ettin
 10454 | Orc:2    | HP: 3/78 [cyclops/large rock (21)]
 10913 | Orc:2    | Found Tifesurch's Antique Armour Boutique.
 11022 | Orc:2    | Found Niciup's Antique Weapon Shop.
 11022 | Orc:2    | Noticed an ettin
 11088 | Orc:2    | Killed an ettin
 11635 | Orc:2    | Found Zoxaji's General Store.
 11945 | Orc:2    | Noticed an orc high priest
 11954 | Orc:2    | Killed an orc high priest
 12131 | Orc:2    | Reached skill level 15 in Axes
 12464 | Elf:1    | Entered Level 1 of the Elven Halls
 12484 | Elf:1    | Noticed a deep elf sorcerer
 12484 | Elf:1    | Noticed a deep elf knight
 12576 | Lair:1   | Entered Level 1 of the Lair of Beasts
 12583 | Lair:1   | Reached XP level 13. HP: 52/84 MP: 14/14
 12977 | Lair:1   | Reached ***** piety under Trog
 13212 | Lair:1   | Found a runed translucent door.
 13212 | Lair:1   | Found a shimmering altar of Xom.
 13212 | Lair:1   | Noticed anet's ghost (novice MiBe)
 14002 | Lair:1   | Killed anet's ghost
 14005 | Lair:1   | Reached skill level 1 in Evocations
 14850 | Lair:2   | Found a staircase to the Swamp.
 16207 | Lair:3   | Noticed Amaemon
 16215 | Lair:3   | Killed Amaemon
 16262 | Lair:3   | Noticed Rupert
 16276 | Lair:3   | Killed Rupert
 16277 | Lair:3   | Reached skill level 16 in Axes
 16277 | Lair:3   | Reached XP level 14. HP: 92/92 MP: 15/15
 16359 | Lair:3   | Found a hole to the Spider Nest.
 16615 | Lair:3   | You are sucked into a shaft and drop 3 floors!
 16615 | Lair:6   | Entered Level 6 of the Lair of Beasts
 17059 | Lair:3   | Noticed Snorg
 17070 | Lair:3   | Killed Snorg
 17665 | Lair:4   | Identified the +9 battleaxe "Liwocofa" {vorpal, rPois
                  | Str+3} (Trog gifted it to you on level 4 of the Lair of
                  | Beasts)
 17665 | Lair:4   | Received a gift from Trog
 18198 | Lair:4   | Identified the +1 scale mail of Yesterday {Drain rElec rC+
                  | Will++}
 18256 | Lair:5   | Found a runed translucent door.
 18256 | Lair:5   | Found a viscous altar of Jiyva.
 18260 | Lair:5   | Found a staircase to the Slime Pits.
 18590 | Lair:5   | Acquired the ring "Anooqoda" {rPois rF- rN+++ EV+4 Int-3
                  | SInv}
 18935 | Lair:5   | Found the +3 crown of Dyrovepreva {rElec Int+2 SInv}
 19087 | Lair:5   | Identified the +0 kite shield of the Wheelwright {Rampage
                  | +Blink rPois Dex-4}
 19501 | Lair:6   | Reached XP level 15. HP: 99/99 MP: 16/16
 19965 | Lair:6   | Reached skill level 17 in Axes
 19967 | Lair:6   | Reached skill level 5 in Evocations
 20391 | Lair:6   | Killed from afar by a fire dragon

Illustrated notes

Levels and vault maps discovered:
D:1:      mainiacjoe_arrival_reflecting_pool, layout_rooms, serial_shops,
          nicolae_square_shop, shop_coins, nicolae_shop_trees
D:2:      layout_basic
D:3:      layout_basic, mainiacjoe_overflow_big_doors,
          shapermc_ecumenical_altar_pompeii, gammafunk_ghost_nasty_kobolds,
          uniq_robin, uniq_sigmund
D:4:      layout_cave_pools, nicolae_overflow_hidden_temple,
          kennysheep_generic_room_5, uniq_menkaure, uniq_duvessa
D:5:      layout_loops_ring, nicolae_wu_jian_immortal_techniques,
          minmay_temple_entry_mini_moons, uniq_crazy_yiuf_cottage
D:6:      minmay_evil_eye, layout_basic, gup_sewer_entry_spiral,
          dreamdust_mushroom_princess, uniq_prince_ribbit1
D:7:      layout_rooms, nicolae_hepliaklqana_monster_ancestors, minivault_25,
          minmay_hedge_maze, grunt_ministairs_3, hangedman_decor_diamond_cutter
D:8:      layout_cave_pools, dancing_weapons_uskayaw, minmay_lair_entry_grove,
          uniq_gastronok
D:9:      layout_roguey, orc_0_dummy, hangedman_incinerator
Lair:1:   layout_cave_pods, ebering_ghost_xom, serial_bayou_shore_a
Lair:2:   layout_gridlike, swamp_mist, st_stairs_7,
          chequers_serial_rivers_micro_b, grunt_forest_small_clearings
Lair:3:   layout_gridlike, nicolae_spider_entry_orb_guardian,
          dreamdust_gnoll_shepherd, uniq_snorg, uniq_amaemon, uniq_rupert
Lair:4:   layout_cave_pods, beast_lair_carwin_11, grunt_megastairs_4,
          serial_bayou_shore_b, lemuel_fruit_fields, serial_bayou_shore_b,
          infiniplex_staircase_pool
Lair:5:   layout_big_grid, slime_altar_2, grunt_megastairs_3
Lair:6:   hangedman_lair_tendril_chambers, layout_layer_cave,
          guppyfry_lair_end_dragon
Orc:1:    layout_caves, serial_shops, nicolae_shop_trees,
          nicolae_shop_behind_doors, nicolae_shop_stone, minmay_shop_mass
Orc:2:    grunt_orc_gardens, layout_diamond_mine, grunt_orc_garden,
          grunt_orc_garden, grunt_orc_garden, grunt_orc_garden
Elf:1:    layout_geoelf_octagon, serial_shops, nicolae_shop_behind_doors,
          mu_enter_wizlab_5, hangedman_elf_disciples, drop_trap

Skill      XL: |  1  2  3  4  5  6  7  8  9 10 11 12 13 14 15 |
---------------+----------------------------------------------+-----
Dodging        | 3 4 5 6 7 9 10 11 13 14 | 14.5
Armour         | 3 4 5 6 7 9 10 11 13 14 | 14.5
Fighting       | 4 5 6 7 8 10 11 12 13 | 13.4
Axes           | 5 6 7 8 10 11 13 15 16 17 | 17.1
Throwing       | 1 3 4 |  4.7
Evocations     | 3 4 5 |  5.0

Action                   |  1- 3 |  4- 6 |  7- 9 | 10-12 | 13-15 || total
-------------------------+-------+-------+-------+-------+-------++-------
Melee: Hand axe          |    82 |    56 |       |       |       ||   138
       Kick              |    11 |    13 |    74 |   109 |   158 ||   365
       Peck              |     7 |    11 |    57 |    58 |   106 ||   239
       Whip              |       |     9 |   213 |       |       ||   222
       Spear             |       |       |   109 |   106 |    93 ||   308
       Punch             |       |       |     1 |       |     1 ||     2
       Executioner's axe |       |       |       |   263 |   242 ||   505
       Battleaxe         |       |       |       |       |   225 ||   225
Throw: Dart              |       |       |     1 |    54 |     4 ||    59
       Boomerang         |       |       |       |    25 |    40 ||    65
Invok: Berserk           |       |     3 |    13 |    10 |    13 ||    39
       Trog's Hand       |       |     1 |     4 |     5 |     4 ||    14
       Brothers in Arms  |       |       |       |     2 |       ||     2
Evoke: Wand              |       |       |       |       |    17 ||    17
  Use: Scroll            |     2 |     1 |     3 |     9 |     3 ||    18
 Stab: Sleeping          |     3 |     1 |       |       |       ||     4
Armor: Animal skin       |    16 |    12 |     1 |       |       ||    29
       Ring mail         |       |       |    72 |   128 |       ||   200
       Leather armour    |       |       |     3 |       |       ||     3
       Scale mail        |       |       |       |    23 |   137 ||   160
Dodge: Dodged            |    45 |    45 |   172 |   327 |   408 ||   997
Block: Other             |       |       |       |    24 |   105 ||   129
       Reflection        |       |       |       |     7 |     1 ||     8

Table legend: (Time is in decaauts)
 A = Elapsed time spent in this place.
 B = Non-inter-level travel time spent in this place.
 C = Inter-level travel time spent in this place.
 D = Time resting spent in this place.
 E = Time spent auto-exploring this place.
 F = Levels seen in this place.
 G = Mean time per level.
                   A        B        C        D        E       F      G
               +--------+--------+--------+--------+--------+-----+--------+
         Total |  19718 |  18944 |    774 |   4165 |  10240 |  19 | 1037.8 |
       Dungeon |   8697 |   8273 |    424 |   1498 |   4817 |   9 |  966.3 |
          Lair |   7437 |   7115 |    322 |   1058 |   4647 |   6 | 1239.5 |
  Orcish Mines |   3353 |   3327 |     26 |   1608 |    702 |   2 | 1676.5 |
   Elven Halls |     33 |     33 |      0 |      0 |      0 |   1 |   33.0 |
         Sewer |    196 |    196 |      0 |      0 |     73 |   1 |  196.0 |
               +--------+--------+--------+--------+--------+-----+--------+

Top non-repeatable levels by time:
  Lair:2: 1987 daAuts
   Orc:1: 1764 daAuts
   Orc:2: 1589 daAuts
  Lair:1: 1413 daAuts
     D:6: 1329 daAuts
  Lair:6: 1189 daAuts
     D:7: 1163 daAuts
     D:4: 1152 daAuts
     D:1: 1150 daAuts
     D:2: 1071 daAuts
  Lair:4: 1060 daAuts
  Lair:5: 1055 daAuts
     D:5: 958 daAuts
     D:3: 910 daAuts
     D:8: 880 daAuts
